 Dungeon Crawl Stone Soup version 0.31-a0-313-g785cd24033 (webtiles) character file.

Game seed: 16244744290698967446

642 AdnanSaban the Cudgeller (level 7, -12/44 HPs)
             Began as a Gargoyle Fighter on July 17, 2023.
             Killed from afar by Dowan (15 damage)
             ... with a stone arrow
             ... on level 4 of the Dungeon.
             The game lasted 00:04:36 (3442 turns).

AdnanSaban the Cudgeller (Gargoyle Fighter)         Turns: 3442, Time: 00:04:37

Health: -12/44     AC: 15    Str: 21    XL:     7   Next: 51%
Magic:  7/7        EV:  9    Int:  9    God:
Gold:   119        SH:  4    Dex:  9    Spells: 6/6 levels left

rFire   . . .        a - +0 flail
rCold   . . .        c - +0 buckler
rNeg    + . .        b - +0 scale mail
rPois   ∞            n - +0 helmet
rElec   +            i - +1 cloak
rCorr   .            (no gloves)
SInv    .            (no boots)
Will    .....        (no amulet) Stlth
                     (no ring)
HPRegen 0.27/turn    (no ring)
MPRegen 0.10/turn

%: no passive effects
@: no status effects
A: sickness immunity, AC +4, negative energy resistance 1, electricity
resistance, torment resistance 1, petrification resistance
a: no special abilities


You were on level 4 of the Dungeon.
You visited 1 branch of the dungeon, and saw 4 of its levels.

You collected 119 gold pieces.

Inventory:

Hand Weapons
 a - a +0 flail (weapon)
Armour
 b - a +0 scale mail (worn)
 c - a +0 buckler (worn)
 i - a +1 cloak (worn)
 n - a +0 helmet (worn)
Jewellery
 p - a ring of flight
Scrolls
 e - 5 scrolls of identify {unknown}
 f - 2 scrolls of amnesia {unknown}
 h - a scroll of blinking {unknown}
 j - 2 scrolls of teleportation {unknown}
 l - 2 scrolls of silence {unknown}
 m - a scroll of immolation {unknown}
Potions
 d - a potion of might
 g - a potion of invisibility {unknown}
 k - a potion of haste {unknown}
 o - 3 potions of curing {unknown}
 q - a potion of resistance {unknown}


   Skills:
 + Level 4.6 Fighting
 + Level 5.9 Maces & Flails
 + Level 5.4 Armour
 + Level 4.3 Shields


You had 6 spell levels left.
You didn't know any spells.
Your spell library contained the following spells:

 Spells                   Type           Power      Damage    Failure   Level
 Ensorcelled Hibernation  Hex/Ice        0%         N/A       88%         2
 Anguish                  Hex/Necr       0%         N/A       100%        4


Dungeon Overview and Level Annotations

Branches:
Dungeon (4/15)
 Temple: D:4-7

Altars:
Gozag

Annotations:
D:4 Dowan


Innate Abilities, Weirdness & Mutations

You are immune to sickness and miasma.
Your stone body is resilient. (AC +4)
You are immune to poison.
You resist negative energy. (rN+)
You are resistant to electric shocks. (rElec)
You are resistant to unholy torment.
You are immune to petrification.


Message History

You are too injured to fight recklessly!
You are too injured to fight recklessly!
You are too injured to fight recklessly!
You are too injured to fight recklessly!
You are too injured to fight recklessly!
You are too injured to fight recklessly!
You are too injured to fight recklessly!
You are too injured to fight recklessly!
You are too injured to fight recklessly!
You are too injured to fight recklessly!
You are too injured to fight recklessly!
You are too injured to fight recklessly!
You are too injured to fight recklessly!
You are too injured to fight recklessly!
You sock Duvessa!
You kill Duvessa!
Dowan screams, "No!
No!"
Dowan seems to find hidden reserves of power!
Dowan completely misses you. Dowan gestures at you while chanting.
The shard of ice hits you.
* * * LOW HITPOINT WARNING * * *
Things that are here:
a +0 short sword; a +0 scale mail You closely miss Dowan.
Dowan shakes with grief.
Dowan hits you but does no damage.
You closely miss Dowan.
Dowan breathes, "And she was my only..."
Dowan hits you but does no damage. x2
You closely miss Dowan.
Dowan points at you and mumbles some strange words.
The stone arrow hits you!
* * * LOW HITPOINT WARNING * * *
Dowan hits you but does no damage.
You sock Dowan!
Dowan is severely wounded.
Dowan gestures at you while chanting. The stone arrow hits you!
You die...

# .#.#.#.#.#.#... #
..#.#.#.#.#.... #
...#.#.#.#..... #
....#.#.#...... #
.....#.#.......
#....#......
#.......# #...@.#
### ###.e########
#.. #.........# #.#
#.........# #.#
#.......).# #.#
#.........# ####.#
#.........####..o.#
#..........)...####
#..........###.# #


You could see Dowan (fast).

Vanquished Creatures
  Eustachio (D:4)
  Duvessa (D:4)
  An ogre (D:4)
  A scorpion (D:4)
  A jelly (D:3)
  An orc priest (D:3)
  2 iguanas (D:4)
  Natasha (D:3)
  3 adders
  2 worms (D:4)
  A dart slug (D:2)
  5 orcs
  7 ball pythons
  5 bats
  10 endoplasms
  12 giant cockroaches
  6 goblins
  4 hobgoblins
  4 jackals (D:1)
  7 quokkas
  5 frilled lizards
  7 kobolds
  8 rats
  A spectral goblin (D:3)
96 creatures vanquished.

Notes
Turn   | Place    | Note
-------+----------+-------------------------------------------
     0 | D:1      | AdnanSaban the Gargoyle Fighter began the quest for the
                  | Orb.
     0 | D:1      | Reached XP level 1. HP: 14/14 MP: 1/1
    76 | D:1      | Reached XP level 2. HP: 17/19 MP: 2/2
   416 | D:1      | Reached XP level 3. HP: 23/23 MP: 3/3
  1030 | D:2      | Identified the +2 whip of the Incandescent {protect,
                  | Fragile Int+2 Dex+3 SInv}
  1138 | D:2      | Reached XP level 4. HP: 28/29 MP: 4/4
  1952 | D:3      | Found an opulent altar of Gozag.
  1966 | D:3      | Reached XP level 5. HP: 12/33 MP: 5/5
  2588 | D:3      | Found a faded altar of an unknown god.
  2629 | D:3      | Noticed Natasha
  2643 | D:3      | HP: 1/33 [Natasha (6)]
  2645 | D:3      | Killed Natasha
  2890 | D:4      | Reached XP level 6. HP: 27/38 MP: 6/6
  3129 | D:4      | Reached skill level 5 in Maces & Flails
  3385 | D:4      | Noticed Eustachio
  3396 | D:4      | Killed Eustachio
  3397 | D:4      | Reached skill level 5 in Armour
  3397 | D:4      | Reached XP level 7. HP: 41/44 MP: 7/7
  3419 | D:4      | Noticed Dowan
  3420 | D:4      | Noticed Duvessa
  3437 | D:4      | Killed Duvessa
  3441 | D:4      | HP: 2/44 [Dowan/stone arrow (9)]
  3442 | D:4      | Killed from afar by Dowan

Illustrated notes

Levels and vault maps discovered:
D:1:      dpeg_arrival_tiny_a, layout_loops_ring
D:2:      minmay_roachtagon, layout_loops_corners
D:3:      layout_basic, overflow_temple_1_default,
          dreamdust_ecumenical_altar_drowned_temple, kennysheep_crisscross,
          uniq_natasha
D:4:      layout_basic, nicolae_the_louvre, uniq_duvessa, uniq_eustachio

Skill      XL: |  1  2  3  4  5  6 |
---------------+-------------------+-----
Maces & Flails | 3 4 5 |  5.9
Armour         | 4 5 |  5.4
Shields        | 4 |  4.3
Fighting       | 4 |  4.6

Action                     |  1- 3 |  4- 6 |  7- 9 || total
---------------------------+-------+-------+-------++-------
  Melee: Flail             |   147 |   179 |    19 ||   345
 Armour: Scale mail        |    89 |    90 |    15 ||   194
  Dodge: Dodged            |    68 |    55 |    10 ||   133
  Block: Buckler           |    31 |    28 |     7 ||    66

Table legend: (Time is in decaauts)
 A = Elapsed time spent in this place.
 B = Non-inter-level travel time spent in this place.
 C = Inter-level travel time spent in this place.
 D = Time resting spent in this place.
 E = Time spent auto-exploring this place.
 F = Levels seen in this place.
 G = Mean time per level.
                   A        B        C        D        E       F      G
               +--------+--------+--------+--------+--------+-----+--------+
         Total |   3536 |   3463 |     73 |    145 |   2582 |   4 |  884.0 |
       Dungeon |   3536 |   3463 |     73 |    145 |   2582 |   4 |  884.0 |
               +--------+--------+--------+--------+--------+-----+--------+

Top non-repeatable levels by time:
     D:3: 1247 daAuts
     D:2: 960 daAuts
     D:1: 788 daAuts
     D:4: 540 daAuts
